 Dungeon Crawl Stone Soup version 0.29-a0-789-g7a8fcbc185 (webtiles) character file.

Game seed: 4316046568688833835

483 zeratav the Skirmisher (level 6, -1/30 HPs)
             Began as a Spriggan Hunter on July 3, 2022.
             Slain by an orc priest
             ... wielding a +0 dagger
              (2 damage)
             ... on level 4 of the Dungeon.
             The game lasted 00:06:24 (4296 turns).

zeratav the Skirmisher (Spriggan Hunter)            Turns: 4296, Time: 00:06:24

Health: -1/30      AC:  2    Str:  7    XL:     6   Next: 87%
Magic:  7/7        EV: 18    Int: 10    God:
Gold:   274        SH:  0    Dex: 21    Spells: 5/5 levels left

rFire   . . .      SeeInvis +   a - +0 shortbow {bow}
rCold   . . .      Faith    .   (shield currently unavailable)
rNeg    . . .      Spirit   .   c - +0 robe
rPois   .          Reflect  .   (helmet restricted)
rElec   .          Harm     .   (no cloak)
rCorr   .          Rampage  .   (gloves unavailable)
Will    +....                   (boots unavailable)
Stlth   ++........              (no amulet)
HPRegen 0.10/turn               (no ring)
MPRegen 0.10/turn               (no ring)

@: very quick
A: very small, no large weapons, unfitting armour, see invisible, speed 3
a: no special abilities


You were on level 4 of the Dungeon.
You visited 1 branch of the dungeon, and saw 4 of its levels.
You also visited: Ossuary.

You collected 274 gold pieces.


Innate Abilities, Weirdness & Mutations

You are very small and have problems with some larger weapons.
You are too small for most types of armour.
You have supernaturally acute eyesight. (SInv)
You cover ground extremely quickly. (Speed+++)


   Skills:
 - Level 1.5 Fighting
 - Level 10.0 Ranged Weapons
 - Level 2.6 Dodging
 + Level 1.7 Stealth


You had 5 spell levels left.
You didn't know any spells.
Your spell library contained the following spells:

 Spells                   Type           Power      Damage    Failure   Level
 Sublimation of Blood     Necr           0%         N/A       50%         2
 Gell's Gravitas          Tloc           0%         N/A       75%         3
 Lesser Beckoning         Tloc           0%         N/A       75%         3
 Teleport Other           Tloc           0%         N/A       75%         3
 Petrify                  Tmut/Erth      0%         N/A       98%         4
 Irradiate                Conj/Tmut      0%         3d13      100%        5

Inventory:

Hand Weapons
 a - a +0 shortbow (weapon) {bow}
Armour
 c - a +0 robe (worn)
Wands
 m - a wand of flame (12)
   (You found it on level 3 of the Dungeon)
Scrolls
 b - a scroll of immolation {!r!r}
 d - 5 scrolls of teleportation {unknown}
 g - a scroll of magic mapping {unknown}
 i - 6 scrolls of enchant armour {unknown}
 j - 2 scrolls of noise {unknown}
 l - a scroll of fog {unknown}
 n - a scroll of identify {unknown}
 o - a scroll of enchant weapon {unknown}
 p - a scroll of silence {unknown}
Potions
 e - 4 potions of might {unknown}
 f - 2 potions of attraction {unknown}
 h - 2 potions of curing {unknown}
 k - 3 potions of heal wounds {unknown}

Dungeon Overview and Level Annotations

Branches:
Dungeon (4/15) Zot: 21489 Ossuary (visited)
 Temple: D:4-7

Altars:
Sif Muna
Zin

Shops:
D:1

* ##... .. .... .. #...#.##
######## # #...... ##.##....
##.##....####.......##
.......).##.#...# #..##
#......o##...#..###...##
#.....@.....#...#.....# ##
#...................... .#####
#........##..#......##. ...#.#
#.......#....##.....##.. ..##.###
#.......#.##............ .......#
#..........#.[.......... #....###
##........##............
###....###........##.............
#.....#.#..##..#.#....PPP...PPP.


You could see an orc priest.


Message History

No target in view!
No target in view!
You start resting.
HP[+5]
Your hp is fully restored (30).
There is an open door here.
You open the door.
A mummy comes into view.
Found 78 gold pieces.
Found a gate leading back out of this place.
You shoot an arrow. The arrow hits the mummy!
You shoot an arrow.
The arrow hits the mummy but does no damage.
You shoot an arrow. The arrow hits the mummy!
The mummy misses you.
You shoot an arrow. The arrow barely misses the mummy.
The mummy barely misses you.
You shoot an arrow. The arrow hits the mummy.
You destroy the mummy!
No target in view!
There is an open door here.
You now have 214 gold pieces (gained 18).
You now have 233 gold pieces (gained 19).
You now have 247 gold pieces (gained 14).
You now have 255 gold pieces (gained 8).
You now have 274 gold pieces (gained 19).
Done exploring.
Done exploring.
Done exploring.
Sorry, you can't auto-travel out of here.
There is a gate leading back out of this place here.
Welcome back to the Dungeon!
There is a collapsed entrance here.
There is an open door here.
Things that are here:
a +0 leather armour; a +0 dagger {short}; an orc skeleton
p - a scroll labelled LASTRO UPOP An orc comes into view.
It is wielding a +0 trident.
The orc shouts!
You hear a shout! x2
An orc comes into view. It is wielding a +1 vorpal hand axe.
You see here a sedimented amethyst potion.
You shoot an arrow. The arrow barely misses the orc.
You shoot an arrow. The arrow hits the orc!
You kill the orc!
You shoot an arrow. The arrow hits the orc!
You kill the orc!
An orc comes into view. It is wielding a +0 mace.
Training target 10.0 for Ranged Weapons reached!
Your Ranged Weapons skill increases to level 10!
You need to enable at least one skill for training.
You shoot an arrow. The arrow hits the orc.
No target in view!
No target in view!
No target in view!
e - 4 sedimented amethyst potions (gained 1)
An orc is nearby!
An orc is nearby!
You shoot an arrow. The arrow hits the orc.
You kill the orc!
No target in view!
No target in view!
An orc and an orc priest come into view.
You shoot an arrow. The arrow barely misses the orc.
You shoot an arrow. The arrow barely misses the orc.
You shoot an arrow. The arrow hits the orc!
You kill the orc!
The orc priest mumbles some strange prayers to Beogh against you.
Beogh smites you!
HP[-11]
You take 11 damage, and now have 19/30 hp.
MASSIVE DAMAGE!! (PAUSE)
You shoot an arrow.
The arrow closely misses the orc priest.
You shoot an arrow. The arrow hits the orc priest.
You shoot an arrow.
The arrow hits the orc priest but does no damage.
You shoot an arrow. The arrow hits the orc priest!
The orc priest hits you with a +0 dagger.
* * * LOW HITPOINT WARNING * * *
HP[-5]
You take 5 damage, and now have 14/30 hp.
You are too injured to fight recklessly!
You are too injured to fight recklessly!
You are too injured to fight recklessly!
Fire: a) +0 shortbow {bow}
Press: ? - help, Q - select action, (/) - cycle Shift-Dir - straight line, f/p - orc priest
Aim: an orc priest, wielding a +0 dagger (severely wounded)
You shoot an arrow. The arrow hits the orc priest.
The orc priest invokes the aid of Beogh against you.
Beogh smites you!
* * * LOW HITPOINT WARNING * * *
HP[-13]
You take 13 damage, and now have 1/30 hp.
MASSIVE DAMAGE!! (PAUSE) Fire: a) +0 shortbow {bow}
Press: ? - help, Q - select action, (/) - cycle Shift-Dir - straight line, f/p - orc priest
Aim: an orc priest, wielding a +0 dagger (severely wounded)
You shoot an arrow.
The arrow closely misses the orc priest.
The orc priest hits you with a +0 dagger.
You die...

Skill      XL: |  1  2  3  4  5  6 |
---------------+-------------------+-----
Ranged Weapons | 5 6 7 8 10 | 10.0
Fighting       | |  1.5
Dodging        | |  2.6
Stealth        | |  1.7

Action                   |  1- 3 |  4- 6 || total
-------------------------+-------+-------++-------
 Fire: Shortbow          |    79 |   236 ||   315
Evoke: Wand              |       |     2 ||     2
Armor: Robe              |     1 |    12 ||    13
Dodge: Dodged            |    19 |    89 ||   108

Levels and vault maps discovered:
D:1:      lemuel_arrival_funnel, layout_basic, shapermc_ecumenical_altar_gd,
          serial_shops, nicolae_shop_statue_plus
D:2:      layout_basic, basic_altar, corexii_hall_statues_u, uniq_terence
D:3:      gammafunk_steamed_eel, layout_loops_ring, zin_angel, minmay_distorted
D:4:      layout_cave_pools, grunt_temple_overflow_open, serial_park,
          serial_park_square2, serial_park_square3
          [serial_park_minivault_5x5_6], serial_park_tiny_1, serial_park_square3
          [serial_park_minivault_5x5_1], serial_park_gazebo
          [serial_park_minivault_5x5_3], nicolae_ossuary_entry_giza,
          minmay_manual_moon

Notes
Turn   | Place    | Note
-------+----------+-------------------------------------------
     0 | D:1      | zeratav the Spriggan Hunter began the quest for the Orb.
     0 | D:1      | Reached XP level 1. HP: 10/10 MP: 2/2
     0 | D:1      | magus.rc [v1.9.6]
    33 | D:1      | Found Qipserusa's Assorted Antiques.
    52 | D:1      | Found a faded altar of an unknown god.
    75 | D:1      | Reached skill level 5 in Ranged Weapons
   376 | D:1      | Reached XP level 2. HP: 14/14 MP: 3/3
  1141 | D:2      | Noticed Terence
  1193 | D:2      | Killed Terence
  1194 | D:2      | Reached skill level 6 in Ranged Weapons
  1194 | D:2      | Reached XP level 3. HP: 14/18 MP: 4/4
  1316 | D:2      | You pick up a book of Displacement and begin reading...
  1316 | D:2      | You add the spells Lesser Beckoning, Gell's Gravitas and
                  | Teleport Other to your library.
  1534 | D:2      | Found a shimmering blue altar of Sif Muna.
  1613 | D:2      | You pick up a book of Alchemy and begin reading...
  1613 | D:2      | You add the spells Sublimation of Blood, Petrify and
                  | Irradiate to your library.
  2006 | D:3      | Reached XP level 4. HP: 22/22 MP: 5/5
  2236 | D:3      | Reached skill level 7 in Ranged Weapons
  2259 | D:3      | Found a transporter.
  2268 | D:3      | Found a transporter.
  2290 | D:3      | Found a glowing silver altar of Zin.
  2290 | D:3      | Noticed an angel
  2789 | D:3      | Reached XP level 5. HP: 25/25 MP: 6/6
  2875 | D:4      | Reached skill level 8 in Ranged Weapons
  3003 | D:4      | HP: 3/25 [orc wizard/magic dart (4)]
  3316 | D:4      | Found a sand-covered staircase.
  3323 | Ossuary  | Entered an ossuary
  3580 | Ossuary  | Reached XP level 6. HP: 30/30 MP: 7/7
  3647 | Ossuary  | Reached skill level 9 in Ranged Weapons
  4283 | D:4      | Reached skill level 10 in Ranged Weapons
  4295 | D:4      | HP: 1/30 [orc priest/divine providence (13)]
  4296 | D:4      | Slain by an orc priest

Vanquished Creatures
  An elf zombie (Ossuary)
  2 electric eels (D:3)
  A human zombie (Ossuary)
  2 centaur zombies (Ossuary)
  Terence (D:2)
  4 mummies
  2 hound zombies (Ossuary)
  3 gnolls (D:4)
  3 adder zombies (Ossuary)
  A worm (D:3)
  12 orcs
  8 ball pythons
  4 endoplasms
  4 giant cockroaches
  9 goblins
  3 hobgoblins (D:1)
  A jackal (D:3)
  5 kobolds
  A quokka (D:2)
  3 bats (D:1)
  2 frilled lizards
  2 gnoll zombies (Ossuary)
  5 goblin zombies (Ossuary)
  6 hobgoblin zombies (Ossuary)
  2 jackal zombies (Ossuary)
  6 kobold zombies (Ossuary)
  3 quokka zombies (Ossuary)
  2 rats (D:1)
  4 rat zombies (Ossuary)
102 creatures vanquished.

Vanquished Creatures (others)
  A fungus (D:1)
  A plant (D:3)
2 creatures vanquished.

Grand Total: 104 creatures vanquished

Table legend:
 A = Non-vault XP
 B = Vault XP
 C = Vault XP percentage of total XP
 D = Non-vault monster count
 E = Vault monster count
 F = Vault count percentage of total count
                 A         B        C        D         E       F
            +---------+---------+-------+---------+---------+-------
      Total |     141 |     549 |  79.6 |      52 |      50 |  49.0
            +---------+---------+-------+---------+---------+-------
        D:1 |      27 |       0 |   0.0 |      16 |       0 |   0.0
        D:2 |      22 |      36 |  62.1 |      12 |       1 |   7.7
        D:3 |      29 |     113 |  79.6 |      13 |       4 |  23.5
        D:4 |      63 |      28 |  30.8 |      11 |       5 |  31.2
    Ossuary |       0 |     372 | 100.0 |       0 |      40 | 100.0
            +---------+---------+-------+---------+---------+-------

Illustrated notes

Table legend:
 A = Kills in this place as a percentage of kills in entire the game.
 B = Kills by you in this place as a percentage of kills by you in the entire game.
 C = Kills by friends in this place as a percentage of kills by friends in the entire game.
 D = Other kills in this place as a percentage of other kills in the entire game.
 E = Experience gained in this place as a percentage of experience gained in the entire game.
 F = Experience gained in this place divided by the number of levels of this place that you have seen.
                   A       B       C       D       E      F
               +-------+-------+-------+-------+-------+----------------------
         Total | 100.0 | 100.0 |   N/A |   N/A | 100.0 | 138.0
       Dungeon |  60.8 |  60.8 |   N/A |   N/A |  46.1 |  79.5
       Ossuary |  39.2 |  39.2 |   N/A |   N/A |  53.9 | 372.0
               +-------+-------+-------+-------+-------+----------------------

Table legend: (Time is in decaauts)
 A = Elapsed time spent in this place.
 B = Non-inter-level travel time spent in this place.
 C = Inter-level travel time spent in this place.
 D = Time resting spent in this place.
 E = Time spent auto-exploring this place.
 F = Levels seen in this place.
 G = Mean time per level.
                   A        B        C        D        E       F      G
               +--------+--------+--------+--------+--------+-----+--------+
         Total |   3356 |   3275 |     81 |   1275 |   1355 |   5 |  671.2 |
       Dungeon |   2510 |   2429 |     81 |    749 |   1271 |   4 |  627.5 |
       Ossuary |    846 |    846 |      0 |    526 |     84 |   1 |  846.0 |
               +--------+--------+--------+--------+--------+-----+--------+

Top non-repeatable levels by time:
     D:3: 1048 daAuts
 Ossuary: 846 daAuts
     D:1: 667 daAuts
     D:2: 570 daAuts
     D:4: 224 daAuts
